Match 42770894
Unlisted

Match 42770894
End
Construct Infanterie Kompanie
Selects Breakthrough Battlegroup
Grenadier Squad
MG 42 Machine Gun Team
GrW 34 Mortar Team
Grenadier Squad
Construct Panzergrenadier Kompanie
MG 42 Machine Gun Team
251 Medium Carrier
Selects Rapid Production
Selects Assault Grenadiers
Panzergrenadier Squad
Pak 40 Anti-tank Gun Team
Grenadier Squad
251 Medium Carrier
Support Elements
Infanterie Officer Quarters
MG 42 Machine Gun Team
Selects Blitzkrieg
Selects Panzer IV Command Tank Sd.Kfz. 161/1
Panzer IV Command Tank
罐头鸟巢
Valkyrie_Tone
乌拉
MonikaのPants
JDG
Scorps
diritar
.
0
0

Comments sign in to comment!

No comments posted yet!